 Dungeon Crawl Stone Soup version 0.21.1-1-g345015f (webtiles) character file.

46 tidbits the Insei (level 3, -10/42 HPs)
             Began as a Gnoll Transmuter on Feb 20, 2018.
             Mangled by an orc warrior
             ... wielding a +0 battleaxe
              (16 damage)
             ... on level 6 of the Dungeon.
             The game lasted 00:03:51 (426 turns).

tidbits the Insei (Gnoll Transmuter)                 Turns: 426, Time: 00:03:52

Health: -10/42     AC: 21    Str: 12    XL:     3   Next: 66%
Magic:  4/9        EV:  2    Int: 16    God:
Gold:   63         SH:  0    Dex: 17    Spells: 6/12 levels left

rFire    . . .     SeeInvis .     - Unarmed
rCold    . . .     Gourm    .   (no shield)
rNeg     + + +     Faith    .   (armour currently unavailable)
rPois    +         Spirit   .   (helmet currently unavailable)
rElec    .         Reflect  .   (cloak currently unavailable)
rCorr    .         Harm     .   (gloves currently unavailable)
MR       .....     NoTele   +   (boots currently unavailable)
Stlth    ++........             (no amulet)
HPRegen  0.54/turn              (no ring)
MPRegen  0.11/turn              (no ring)

@: tree-form
A: distributed training, agile 1, regeneration 1, evolution 1, strong nose
a: no special abilities


You were on level 6 of the Dungeon.
You were not hungry.
You were a tree.
You visited 1 branch of the dungeon, and saw 6 of its levels.

You collected 63 gold pieces.

Inventory:

Hand Weapons
 g - a +0 hunting sling
 n - a +0 dagger
Missiles
 a - 9 arrows
Armour
 b - a +0 robe (melded)
Jewellery
 i - an uncursed ring of ice
   (You found it on level 2 of the Dungeon)
 l - an uncursed ring of ice
   (You found it on level 4 of the Dungeon)
Scrolls
 f - 2 scrolls of immolation {unknown}
 k - a scroll of enchant weapon {unknown}
 m - a scroll of blinking {unknown}
Books
 c - a book of Changes

   Spells                             Type                      Level
   a - Beastly Appendage              Transmutation                1
   b - Sticks to Snakes               Transmutation                2
   c - Spider Form                    Transmutation/Poison         3
   d - Ice Form                       Ice/Transmutation            4
   e - Blade Hands                    Transmutation                5
Comestibles
 d - a ration


   Skills:
 + Level 2.6 Fighting
 + Level 0.9 Short Blades
 + Level 0.9 Long Blades
 + Level 0.9 Axes
 + Level 0.9 Maces & Flails
 + Level 0.9 Polearms
 + Level 0.9 Staves
 + Level 0.9 Slings
 + Level 0.9 Bows
 + Level 0.9 Crossbows
 + Level 0.9 Throwing
 + Level 0.9 Armour
 + Level 4.5 Dodging
 + Level 0.9 Stealth
 + Level 0.9 Shields
 + Level 6.5 Unarmed Combat
 + Level 5.0 Spellcasting
 + Level 0.6 Conjurations
 + Level 0.6 Hexes
 + Level 0.6 Charms
 + Level 0.6 Summonings
 + Level 0.6 Necromancy
 + Level 0.6 Translocations
 + Level 3.8 Transmutations
 + Level 0.6 Fire Magic
 + Level 0.6 Ice Magic
 + Level 0.6 Air Magic
 + Level 0.6 Earth Magic
 + Level 0.6 Poison Magic
 + Level 1.0 Invocations
 + Level 0.9 Evocations


You had 6 spell levels left.
You knew the following spells:

 Your Spells              Type           Power        Failure   Level  Hunger
e - Beastly Appendage     Tmut           ###...       3%          1    None
k - Sticks to Snakes      Tmut           ###.....     4%          2    #......
p - Spider Form           Tmut/Pois      ##........   19%         3    ###....


Dungeon Overview and Level Annotations

Branches:
Dungeon (6/15)
 Temple: D:4-7

Altars:
Fedhas
Zin


Innate Abilities, Weirdness & Mutations

Your experience applies equally to all skills.
((You have very sharp teeth.))
Your uncanny sense of smell can sniff out nearby items.
You are agile. (Dex +2)
Your natural rate of healing is unusually fast.
You evolve.


Message History

Your transformation is almost over.
You start memorising the spell.
You continue memorising. x3
You finish memorising.
Spell assigned to 'p'.
Your talons disappear.
There is an escape hatch in the floor here.
You slide downwards.
The hatch slams shut behind you.
Your summoned ally is left behind.
An orc, an orc warrior, an orc wizard and a skeleton come into view.
The orc shouts!
You hear a shout!
You hear an angry hiss.
Found a mace.
Unknown command.
Casting: Sticks to Snakes
Confirm with . or Enter, or press ? or * to list all spells.
You turn into a venomous arachnid creature.
Your +0 robe melds into your body.
The orc warrior shouts!
The orc wizard shouts!
The centaur skeleton moves out of view.
The orc warrior hits you with a battleaxe!!
Ouch! That really hurt!
* * * LOW HITPOINT WARNING * * *
It was a potion of flight.
You feel very buoyant.
You fly up into the air.
A centaur comes into view.
It was a potion of heal wounds.
You feel much better. The orc warrior closely misses you.
The centaur wields a shortbow.
The centaur shoots an arrow.
The arrow hits you! The orc wizard misses you. The orc misses you.
A giant cockroach comes into view.
It was a potion of lignification.
Your transformation has ended.
Your +0 robe unmelds from your body.
You turn into a tree.
Your +0 robe melds into your body.
Your roots penetrate the ground.
The centaur shoots an arrow.
The arrow hits you but does no damage.
The orc warrior hits you with a battleaxe!
* * * LOW HITPOINT WARNING * * *
The orc wizard points at you and mumbles some strange words.
You are confused.
Your magical contamination has completely faded away.
It was a potion of mutation.
You feel extremely strange.
You begin to heal more quickly.
You feel nature experimenting on you.
Don't worry, failures die fast.
You feel agile.
The centaur shoots an arrow.
The arrow hits you but does no damage. The orc hits you but does no damage.
The orc wizard casts a spell at you. You resist with significant effort.
The orc warrior hits you but does no damage.
An adder and a bullfrog come into view.
You cannot move. (Use ctrl+direction to attack without moving.) Unknown command.
You nearly hit yourself!
The orc hits you but does no damage.
The centaur shoots an arrow.
The arrow hits you but does no damage.
The orc wizard hits you but does no damage.
Unknown command.
You swing at nothing.
The centaur skeleton hits you but does no damage.
The orc warrior hits you but does no damage.
The orc barely misses you.
The orc wizard hits you but does no damage.
Unknown command.
You hit the orc wizard.
The orc wizard is moderately wounded.
The centaur skeleton hits you but does no damage.
The orc warrior hits you with a battleaxe!
* * * LOW HITPOINT WARNING * * *
You smack the orc wizard!
The orc wizard is almost dead.
The centaur skeleton hits you.
* * * LOW HITPOINT WARNING * * *
The orc hits you but does no damage.
The orc wizard hits you but does no damage.
You swing at nothing.
The centaur skeleton hits you but does no damage.
The orc warrior completely misses you.
The orc wizard hits you but does no damage.
The orc hits you but does no damage. The centaur skeleton hits you.
* * * LOW HITPOINT WARNING * * *
An ogre comes into view. It is wielding a giant club.
You closely miss the orc warrior.
The orc wizard gestures wildly while chanting.
The orc wizard flickers and vanishes!
The centaur skeleton hits you but does no damage.
The orc warrior barely misses you. The orc barely misses you.
Unknown command.
You nearly hit yourself!
You feel less confused.
The centaur skeleton hits you but does no damage.
Something hits you but does no damage. The adder bites you but does no damage.
You hit the orc warrior.
The orc warrior is lightly wounded.
The orc hits you but does no damage. The orc warrior completely misses you.
The centaur skeleton hits you but does no damage.
Something hits you but does no damage. The adder bites you but does no damage.
You hit the orc warrior but do no damage.
The orc warrior is lightly wounded.
The centaur skeleton completely misses you.
The orc hits you but does no damage.
The orc warrior hits you with a battleaxe!
You die...

......... ..
........####.
............ .
#.......)..##..
...........
#..cs...#
#.OZo{..#
#.Fo♣S..#
#########


You could see an orc warrior, an ogre, a bullfrog, a centaur, an adder, an orc,
a giant cockroach and a centaur skeleton.

Vanquished Creatures
  A worker ant (D:5)
  An adder (D:3)
  A leopard gecko (D:4)
  An orc (D:3)
  A bat (D:2)
  A giant cockroach (D:5)
  2 jackals (D:2)
  A frilled lizard (D:4)
  4 kobolds
  3 rats
16 creatures vanquished.

Notes
Turn   | Place    | Note
-------+----------+-------------------------------------------
     0 | D:1      | tidbits the Gnoll Transmuter began the quest for the Orb.
     0 | D:1      | Reached XP level 1. HP: 17/17 MP: 6/6
   100 | D:2      | Found a blossoming altar of Fedhas.
   117 | D:2      | Reached XP level 2. HP: 21/23 MP: 7/7
   121 | D:2      | Learned a level 2 spell: Sticks to Snakes
   355 | D:5      | Entered Level 5 of the Dungeon
   355 | D:5      | Found a glowing silver altar of Zin.
   392 | D:5      | Reached XP level 3. HP: 28/28 MP: 7/9
   398 | D:5      | Reached skill level 5 in Spellcasting
   398 | D:5      | Reached skill level 1 in Invocations
   403 | D:5      | Learned a level 3 spell: Spider Form
   412 | D:6      | Noticed an orc warrior
   415 | D:6      | Noticed a centaur
   417 | D:6      | Gained mutation: Your natural rate of healing is unusually fast. [potion of mutation]
   417 | D:6      | Gained mutation: You evolve. [potion of mutation]
   417 | D:6      | Gained mutation: You are agile. (Dex +2) [potion of mutation]
   418 | D:6      | Noticed a bullfrog
   422 | D:6      | HP: 4/42 [centaur skeleton (1)]
   423 | D:6      | Noticed an ogre
   426 | D:6      | Mangled by an orc warrior

Skill      XL: |  1  2  3 |
---------------+----------+-----
Spellcasting   | 5 |  5.0
Invocations    | 1 |  1.0
Fighting       | |  2.6
Short Blades   | |  0.9
Long Blades    | |  0.9
Axes           | |  0.9
Maces & Flails | |  0.9
Polearms       | |  0.9
Staves         | |  0.9
Slings         | |  0.9
Bows           | |  0.9
Crossbows      | |  0.9
Throwing       | |  0.9
Armour         | |  0.9
Dodging        | |  4.5
Stealth        | |  0.9
Shields        | |  0.9
Unarmed Combat | |  6.5
Conjurations   | |  0.6
Hexes          | |  0.6
Charms         | |  0.6
Summonings     | |  0.6
Necromancy     | |  0.6
Translocations | |  0.6
Transmutations | |  3.8
Fire Magic     | |  0.6
Ice Magic      | |  0.6
Air Magic      | |  0.6
Earth Magic    | |  0.6
Poison Magic   | |  0.6
Evocations     | |  0.9

Action                   || total
-------------------------++-------
Melee: Unarmed           ||    36
       Kick              ||     2
       Bite              ||     3
       Headbutt          ||     1
 Cast: Beastly Appendage ||     9
       Sticks to Snakes  ||     3
       Spider Form       ||     1
  Use: Potion            ||     4
Armor: Robe              ||     2
       Skin              ||    22
Dodge: Dodged            ||    24

Table legend:
 A = Turns spent in this place as a percentage of turns spent in the entire game.
 B = Non-inter-level travel turns spent in this place as a percentage of non-inter-level travel turns spent in the entire game.
 C = Inter-level travel turns spent in this place as a percentage of turns spent in this place.
 D = Turns resting spent in this place as a percentage of non-inter-level travel turns spent in this place.
 E = Turns spent auto-exploring this place as a percentage of non-inter-level travel turns spent in this place.
 F = Non-inter-level travel turns spent in this place divided by the number of levels of this place that you've seen.
                   A       B       C       D       E      F
               +-------+-------+-------+-------+-------+----------------------
         Total | 100.0 | 100.0 |   0.0 |   0.0 |   0.0 |  71.0
       Dungeon | 100.0 | 100.0 |   0.0 |   0.0 |   0.0 |  71.0
               +-------+-------+-------+-------+-------+----------------------

Table legend:
 A = Kills in this place as a percentage of kills in entire the game.
 B = Kills by you in this place as a percentage of kills by you in the entire game.
 C = Kills by friends in this place as a percentage of kills by friends in the entire game.
 D = Other kills in this place as a percentage of other kills in the entire game.
 E = Experience gained in this place as a percentage of experience gained in the entire game.
 F = Experience gained in this place divided by the number of levels of this place that you have seen.
                   A       B       C       D       E      F
               +-------+-------+-------+-------+-------+----------------------
         Total | 100.0 | 100.0 |   N/A |   N/A | 100.0 |  11.0
       Dungeon | 100.0 | 100.0 |   N/A |   N/A | 100.0 |  11.0
               +-------+-------+-------+-------+-------+----------------------

Vault maps used:
D:1:      kennysheep_arrival_seaside, minivault_26, minivault_4
D:2:      fedhas_altar_1
D:3:      ashenzari_altar_1, nicolae_overflow_crystal_walls, first_ration,
          patterned_corridor
D:4:      led_sif_pool, serial_bayou, serial_bayou_lagoon_b,
          serial_bayou_pond_d, serial_bayou_ford_a, serial_bayou_lake_a
D:5:      zin_academy, serial_shops, kennysheep_mini
